 Zot Defence DCSS version 0.15.2 (webtiles) character file.

130019 hexophile the Severer (level 16, 0/140 HPs)
             Began as a Mummy Fighter on Jan 28, 2016.
             Was a High Priest of Makhleb.
             Killed by the air
             ... invoked by Mitis the spriggan air mage
              (22 damage)
             ... in the Realm of Zot (Scenario I: Hall of Zot).
             The game lasted 00:05:48 (6223 turns).

hexophile the Severer (Mummy Fighter)               Turns: 6223, Time: 00:05:48

HP   0/140       AC 11     Str 19      XL: 16   Next: 52%
MP  16/16        EV  5     Int 12      God: Makhleb [*****.]
Gold 0           SH  0     Dex 11      Spells:  0 memorised, 15 levels left

rFire  x . .     SeeInvis .     c - +0 battleaxe
rCold  + . .     Clarity  .     d - +0 plate armour (curse)
rNeg   + + +     rCorr    .     (no shield)
rPois  +         rRot     +     (no helmet)
rElec  .         Spirit   .     (no cloak)
SustAb .         Warding  .     (no gloves)
rMut   .         Stasis   .     (no boots)
Gourm  .                        (no amulet)
MR     ++...                    (no ring)
                                (no ring)

@: very resistant to hostile enchantments, extremely unstealthy
A: no food or potions, fire vulnerability, in touch with death, restore body,
cold resistance 1, negative energy resistance 3, poison resistance, torment
resistance, unbreathing
a: Make oklob sapling, Make arrow trap, Make plant, Remove Curse, Make burning
bush, Make altar, Make grenades, Make oklob plant, Make net trap, Make ice
statue, Make spear trap, Make alarm trap, Make mushroom circle, Make bolt trap,
Make crystal statue, Make needle trap, Zot-teleport, Self-Restoration, Minor
Destruction, Lesser Servant of Makhleb, Major Destruction, Greater Servant of
Makhleb, Renounce Religion


You were in the Realm of Zot.
You worshipped Makhleb.
Makhleb was extremely pleased with you.
You were not hungry.

You visited 1 branch


Innate Abilities, Weirdness & Mutations

You do not eat or drink.
Your flesh is vulnerable to fire.
You are in touch with the powers of death.
You can restore your body by infusing magical energy.
Your flesh is cold resistant.
You are immune to negative energy.
Your system is resistant to poisons.
You are immune to unholy pain and torment.
You can survive without breathing.

Inventory:

Hand weapons
 c - a +0 battleaxe (weapon)
Armour
 d - a cursed +0 plate armour (worn)
Scrolls
 j - a scroll of blinking


You had 15 spell levels left.
You didn't know any spells.


   Skills:
 + Level 16.9 Fighting
 * Level 19.4 Axes
 - Level 2.4 Armour
   Level 2.4 Shields

Dungeon Overview and Level Annotations

Branches:
    Zot (1/1)

Altars:
Makhleb

Vault maps used:
Zot:      zotvault
You       could see
Mitis     the spriggan air mage and an air elemental.


Message History

an arbalest; 7 bolts of frost; a yaktaur corpse; a redback corpse Mitis waves its arms in wide circles.
The air twists around and strikes you!
An air elemental forms itself from the air!
Items here: %% ( )))
You hit the tarantella.
The tarantella is lightly wounded.
Your plate armour prevents you from hitting Mitis.
Mitis waves its arms in wide circles.
The air twists around and strikes you!
You closely miss Mitis.
Your plate armour prevents you from hitting the tarantella.
The tarantella is lightly wounded.
Mitis waves its arms in wide circles.
The air twists around and strikes you!
* * * LOW HITPOINT WARNING * * *
You are too injured to fight recklessly!
You are too injured to fight recklessly!
You are too injured to fight recklessly!
Mitis waves its arms in wide circles.
The air twists around and strikes you!
* * * LOW HITPOINT WARNING * * *
An air elemental merges itself into the air.
An air elemental forms itself from the air!
Items here: %%% ( ))))) [[ You closely miss Mitis.
You hit the tarantella.
The tarantella is moderately wounded.
You miss the air elemental.
An air elemental merges itself into the air.
Mitis waves its arms in wide circles.
The air twists around and strikes you!
* * * LOW HITPOINT WARNING * * *
An air elemental forms itself from the air!
You slash the air elemental!
The air elemental is moderately damaged.
You slash the tarantella!
The tarantella is heavily wounded.
You completely miss Mitis. You completely miss Mitis. You slash the tarantella!
You kill the tarantella!
Makhleb accepts your kill.
You barely miss the air elemental.
The air elemental is moderately damaged.
You slash Mitis!
Mitis is lightly wounded.
You slash the air elemental!
The air elemental is severely damaged.
Mitis waves its arms in wide circles.
The air twists around and strikes you!
You die...

Action                   |  1- 3 |  4- 6 |  7- 9 | 10-12 | 13-15 | 16-18 || total
-------------------------+-------+-------+-------+-------+-------+-------++-------
Melee: War axe           |     8 |    19 |    64 |   396 |   354 |       ||   841
       Battleaxe         |       |       |       |       |   270 |   123 ||   393
 Abil: Make altar        |       |       |     1 |       |       |       ||     1
       Zot-teleport      |       |       |       |       |       |     5 ||     5

Notes
Turn   | Place    | Note
--------------------------------------------------------------
     0 | Zot      | hexophile, the Mummy Fighter, began the quest for the Orb.
     0 | Zot      | Reached XP level 1. HP: 18/18 MP: 1/1
  2869 | Zot      | Noticed a five-headed hydra simulacrum
  2892 | Zot      | Noticed a freezing wraith
  2900 | Zot      | Noticed an azure jelly
  2932 | Zot      | Killed a hydra simulacrum
  2932 | Zot      | Reached skill level 4 in Fighting
  2932 | Zot      | Reached skill level 4 in Axes
  2932 | Zot      | Reached XP level 2. HP: 23/26 MP: 2/2
  2932 | Zot      | Reached XP level 3. HP: 27/31 MP: 3/3
  2932 | Zot      | Reached XP level 4. HP: 33/38 MP: 4/4
  2932 | Zot      | Reached XP level 5. HP: 37/43 MP: 5/5
  2951 | Zot      | Killed a freezing wraith
  2951 | Zot      | Reached skill level 5 in Fighting
  2951 | Zot      | Reached skill level 5 in Axes
  2951 | Zot      | Reached XP level 6. HP: 46/51 MP: 6/6
  2951 | Zot      | Reached XP level 7. HP: 50/56 MP: 7/7
  2987 | Zot      | Killed an azure jelly
  2987 | Zot      | Reached skill level 8 in Fighting
  2987 | Zot      | Reached skill level 9 in Axes
  2987 | Zot      | Reached XP level 8. HP: 61/69 MP: 8/8
  2987 | Zot      | Reached XP level 9. HP: 66/75 MP: 9/9
  2992 | Zot      | Became a worshipper of Makhleb the Destroyer
  3091 | Zot      | Reached skill level 9 in Fighting
  3091 | Zot      | Reached skill level 10 in Axes
  3091 | Zot      | Reached XP level 10. HP: 81/83 MP: 10/10
  3967 | Zot      | Noticed a swamp dragon
  3976 | Zot      | Noticed a six-headed hydra
  3981 | Zot      | Noticed a swamp dragon
  4003 | Zot      | Noticed Siel
  4085 | Zot      | Noticed a wolf spider
  4104 | Zot      | Killed a wolf spider
  4130 | Zot      | Killed Siel the red wasp
  4130 | Zot      | Reached skill level 11 in Axes
  4146 | Zot      | Killed a swamp dragon
  4146 | Zot      | Reached skill level 10 in Fighting
  4159 | Zot      | Killed a swamp dragon
  4159 | Zot      | Reached XP level 11. HP: 90/92 MP: 1/11
  4217 | Zot      | Killed a 20-headed hydra
  4217 | Zot      | Reached skill level 12 in Axes
  4268 | Zot      | Noticed a hill giant
  4272 | Zot      | Noticed a purple very ugly thing
  4273 | Zot      | Noticed a tentacled monstrosity
  4277 | Zot      | Noticed a storm dragon
  4279 | Zot      | Noticed a tentacled monstrosity
  4279 | Zot      | Noticed a tentacled monstrosity
  4280 | Zot      | Noticed a purple draconian
  4281 | Zot      | Noticed a grey draconian
  4282 | Zot      | Noticed an ice dragon
  4283 | Zot      | Noticed an ice dragon
  4284 | Zot      | Noticed a green draconian
  4286 | Zot      | Noticed a grey draconian
  4286 | Zot      | Noticed a red draconian
  4286 | Zot      | Noticed a green draconian
  4288 | Zot      | Noticed a grey draconian
  4291 | Zot      | Noticed a pale draconian
  4293 | Zot      | Noticed a red draconian
  4315 | Zot      | Reached skill level 11 in Fighting
  4368 | Zot      | Noticed a black draconian
  4383 | Zot      | Noticed a storm dragon
  4397 | Zot      | Noticed a tentacled monstrosity
  4474 | Zot      | Killed a hill giant
  4475 | Zot      | Reached skill level 13 in Axes
  4485 | Zot      | Killed a green very ugly thing
  4485 | Zot      | Reached XP level 12. HP: 100/102 MP: 12/12
  4500 | Zot      | Reached skill level 12 in Fighting
  4567 | Zot      | Noticed a purple very ugly thing
  4584 | Zot      | Noticed a red very ugly thing
  4599 | Zot      | Noticed a cyan very ugly thing
  4599 | Zot      | Noticed a cyan very ugly thing
  4599 | Zot      | Noticed a cyan very ugly thing
  4602 | Zot      | Noticed red very ugly thing
  4602 | Zot      | Noticed a red very ugly thing
  4697 | Zot      | Acquired Makhleb's first power
  4709 | Zot      | Reached skill level 14 in Axes
  4792 | Zot      | Reached XP level 13. HP: 109/109 MP: 13/13
  4809 | Zot      | Reached skill level 13 in Fighting
  4810 | Zot      | Killed green very ugly thing
  4810 | Zot      | Reached skill level 15 in Axes
  4831 | Zot      | Killed a purple very ugly thing
  4853 | Zot      | Killed a red very ugly thing
  4868 | Zot      | Killed a brown very ugly thing
  4874 | Zot      | Killed a red very ugly thing
  4916 | Zot      | Reached skill level 14 in Fighting
  4956 | Zot      | Reached skill level 16 in Axes
  4971 | Zot      | Acquired Makhleb's second power
  4977 | Zot      | Reached XP level 14. HP: 120/120 MP: 14/14
  5045 | Zot      | Killed a red very ugly thing
  5058 | Zot      | Killed a brown very ugly thing
  5092 | Zot      | Noticed an azure jelly
  5139 | Zot      | Killed an azure jelly
  5139 | Zot      | Reached skill level 17 in Axes
  5210 | Zot      | Reached skill level 15 in Fighting
  5271 | Zot      | Noticed a storm dragon
  5402 | Zot      | Noticed Xtahua
  5550 | Zot      | Killed Xtahua
  5550 | Zot      | Acquired Makhleb's third power
  5550 | Zot      | Reached XP level 15. HP: 129/129 MP: 15/15
  5613 | Zot      | Reached skill level 18 in Axes
  5754 | Zot      | Reached skill level 16 in Fighting
  5768 | Zot      | Acquired Makhleb's fourth power
  5923 | Zot      | Reached XP level 16. HP: 137/139 MP: 16/16
  5997 | Zot      | Reached skill level 19 in Axes
  6174 | Zot      | Acquired Makhleb's fifth power
  6223 | Zot      | Killed from afar by Mitis the spriggan air mage

Table legend:
 A = Turns spent in this place as a percentage of turns spent in the entire game.
 B = Non-inter-level travel turns spent in this place as a percentage of non-inter-level travel turns spent in the entire game.
 C = Inter-level travel turns spent in this place as a percentage of turns spent in this place.
 D = Turns resting spent in this place as a percentage of non-inter-level travel turns spent in this place.
 E = Turns spent auto-exploring this place as a percentage of non-inter-level travel turns spent in this place.
 F = Non-inter-level travel turns spent in this place divided by the number of levels of this place that you've seen.
                   A       B       C       D       E      F
               +-------+-------+-------+-------+-------+----------------------
         Total | 100.0 | 100.0 |   0.0 |   4.2 |   0.0 | 2574.0
           Zot | 100.0 | 100.0 |   0.0 |   4.2 |   0.0 | 2574.0
               +-------+-------+-------+-------+-------+----------------------

Table legend:
 A = Kills in this place as a percentage of kills in entire the game.
 B = Kills by you in this place as a percentage of kills by you in the entire game.
 C = Kills by friends in this place as a percentage of kills by friends in the entire game.
 D = Other kills in this place as a percentage of other kills in the entire game.
 E = Experience gained in this place as a percentage of experience gained in the entire game.
 F = Experience gained in this place divided by the number of levels of this place that you have seen.
                   A       B       C       D       E      F
               +-------+-------+-------+-------+-------+----------------------
         Total | 100.0 | 100.0 |  -nan | 100.0 | 100.0 | 185742.0
           Zot | 100.0 | 100.0 |  -nan | 100.0 | 100.0 | 185742.0
               +-------+-------+-------+-------+-------+----------------------

Vanquished Creatures
  Xtahua (Zot)
  2 azure jellies (Zot)
  12 very ugly things (Zot)
  2 yaktaur captains (Zot)
  A hydra (Zot)
  An ogre mage (Zot)
  An anaconda (Zot)
  A ghost crab (shapeshifter) (Zot)
  A tengu warrior (Zot)
  2 death yaks (Zot)
  An orc high priest (Zot)
  A storm dragon zombie (Zot)
  A deep elf knight (Zot)
  A red wasp (Zot)
  4 skeletal warriors (Zot)
  4 deep elf conjurers (Zot)
  2 hill giants (Zot)
  A giant orange brain (Zot)
  2 naga ritualists (Zot)
  A deep troll (Zot)
  2 swamp dragons (Zot)
  A griffon (Zot)
  38 ugly things (Zot)
  9 harpies (Zot)
  4 moths of wrath (Zot)
  A wolf spider (Zot)
  A manticore (Zot)
  2 mana vipers (Zot)
  A guardian serpent (Zot)
  6 black mambas (Zot)
  A mermaid (Zot)
  An efreet (Zot)
  2 naga magi (Zot)
  8 yaktaurs (Zot)
  A blue devil (Zot)
  A tengu conjurer (Zot)
  A freezing wraith (Zot)
  A two-headed ogre (Zot)
  2 ravens (Zot)
  A boulder beetle (shapeshifter) (Zot)
  6 redbacks (Zot)
  2 tarantellas (Zot)
  4 vampire mosquitoes (Zot)
  A naga (Zot)
  A hydra simulacrum (Zot)
  3 mottled dragons (Zot)
  A necrophage (Zot)
  4 ogres (Zot)
  2 orc warriors (Zot)
  4 boggarts (Zot)
  An eye of draining (Zot)
  An orc priest (Zot)
  2 orange rats (Zot)
  2 orcs (Zot)
160 creatures vanquished.

Vanquished Creatures (others)
  A deep elf conjurer (Zot)
  3 harpies (Zot)
  2 ugly things (Zot)
  A snapping turtle (Zot)
  A trapdoor spider (Zot)
8 creatures vanquished.

Grand Total: 168 creatures vanquished
